 Dungeon Crawl Stone Soup version 0.17-a0-2108-g65e8068 (webtiles) character file.

744 Hanibal the Skirmisher (level 7, -5/63 HPs)
             Began as a Hill Orc Fighter on Oct 19, 2015.
             Killed from afar by an orc wizard (14 damage)
             ... with a puff of flame
             ... on level 5 of the Dungeon.
             The game lasted 00:11:24 (4247 turns).

Hanibal the Skirmisher (Hill Orc Fighter)           Turns: 4247, Time: 00:11:26

Health: -5/63      AC:  9    Str: 19    XL:     7   Next: 76%
Magic:  7/7        EV:  8    Int:  8    God:
Gold:   305        SH: 10    Dex: 12    Spells: 0 memorised, 6 levels left

rFire  . . .     SeeInvis .     a - +0 war axe
rCold  . . .     Clarity  .     b - +0 scale mail
rNeg   . . .     SustAt   .     c - +0 shield
rPois  +         Gourm    .     D - +0 helmet
rElec  .         Spirit   .     (no cloak)
rCorr  +         Warding  .     l - +0 pair of gloves
rMut   .         Stasis   .     (no boots)
MR     .....                    B - amulet of resist corrosion
Stlth  ..........               q - ring of poison resistance
                                f - ring of flight

@: very slightly contaminated, drained, invisible, not resistant to hostile
enchantments, extremely unstealthy
A: no striking features
a: Evoke Flight


You were on level 5 of the Dungeon.
You were hungry.

You visited 1 branch of the dungeon, and saw 5 of its levels.

You collected 305 gold pieces.

Inventory:

Hand Weapons
 a - a +0 war axe (weapon)
 F - a +0 whip of venom
Armour
 b - a +0 scale mail (worn)
 c - a +0 shield (worn)
 l - a +0 pair of gloves (worn)
 D - a +0 helmet (worn)
Jewellery
 f - a ring of flight (left hand)
 m - an uncursed ring of protection from fire
 q - a ring of poison resistance (right hand)
 s - an uncursed ring of positive energy
 y - an uncursed ring of protection from cold
 B - an amulet of resist corrosion (around neck)
Wands
 d - a wand of polymorph (9)
 E - a wand of fireball (12)
Scrolls
 g - a scroll of magic mapping
 i - 2 scrolls of remove curse
 j - 4 scrolls of identify
 r - a scroll of enchant armour {unknown}
 t - a scroll of fog {unknown}
 v - a scroll of teleportation
 w - a scroll of blinking
Potions
 k - a potion of agility
 n - a potion of cancellation
 o - a potion of curing
 u - a potion of mutation
 x - a potion of brilliance {unknown}
 A - a potion of poison {unknown}
 C - a potion of might
Comestibles
 e - 4 bread rations
 h - 3 meat rations


   Skills:
 + Level 6.1(5.9) Fighting
 + Level 5.9(5.8) Axes
 + Level 5.5(5.4) Armour
 - Level 1.0(0.8) Dodging
 + Level 5.4(5.2) Shields


You had 6 spell levels left.
You didn't know any spells.

Dungeon Overview and Level Annotations

Branches:
Dungeon (5/15)
 Temple: D:4-7

Altars:


Message History

The orc priest invokes the aid of Beogh against you.
Something smites you!
* * * LOW HITPOINT WARNING * * *
Drink which item? (? for menu, Esc to quit)
You fade into invisibility!
Something hits you but does no damage.
The orc priest casts a cantrip, but nothing happens.
You are very lightly contaminated with residual magic.
You hit the orc priest.
The orc priest is severely wounded.
You closely miss something. You block its attack.
The orc priest hits you but does no damage.
Something hits you but does no damage.
You hit the orc priest.
The orc priest is almost dead.
You barely miss something. The orc priest barely misses you.
You hear some strange, mumbled words.
A puff of flame appears from out of thin air!
The puff of flame hits you!
You die...

...####.$###...#
................
.......?........
................
#####....###...#
##....####+###
#............#
+............#
#...@{.......#
###.o)###...##
#####+#####'####+##
#......[.....+ ..
#............#
.#..#............#
................##
#..###'#####...#
##...#####+##


You could see an orc priest.

Vanquished Creatures
  An ogre (D:4)
  A big kobold (D:3)
  2 hounds (D:4)
  A centaur skeleton (D:4)
  Ijyb (D:3)
  2 orc priests
  A worker ant (D:4)
  4 orc wizards
  Robin (D:4)
  4 adders
  7 gnolls
  An ooze (D:1)
  2 worms
  An adder skeleton (D:4)
  A giant gecko (D:3)
  5 orcs
  11 giant cockroaches
  35 hobgoblins
  14 jackals
  8 kobolds
  5 bats
  3 giant newts
  44 goblins
  8 rats
163 creatures vanquished.

Notes
Turn   | Place    | Note
--------------------------------------------------------------
     0 | D:1      | Hanibal the Hill Orc Fighter began the quest for the Orb.
     0 | D:1      | Reached XP level 1. HP: 19/19 MP: 1/1
     1 | D:1      | Found a runed door.
   146 | D:1      | Reached XP level 2. HP: 24/27 MP: 2/2
   548 | D:1      | Reached skill level 4 in Fighting
   548 | D:1      | Reached XP level 3. HP: 33/33 MP: 3/3
   846 | D:2      | Reached skill level 1 in Dodging
  1245 | D:2      | Reached XP level 4. HP: 30/40 MP: 4/4
  2154 | D:3      | Reached XP level 5. HP: 47/47 MP: 5/5
  2549 | D:3      | Reached skill level 5 in Fighting
  2550 | D:3      | Reached XP level 6. HP: 43/56 MP: 6/6
  2636 | D:3      | Noticed Ijyb
  2656 | D:3      | Killed Ijyb
  2769 | D:3      | Noticed a big kobold
  2789 | D:3      | Killed a big kobold
  3116 | D:4      | Reached skill level 5 in Armour
  3178 | D:4      | Noticed Robin
  3183 | D:4      | Killed Robin
  3183 | D:4      | Reached skill level 5 in Axes
  3264 | D:4      | Reached XP level 7. HP: 55/61 MP: 7/7
  3479 | D:4      | Reached skill level 5 in Shields
  3692 | D:4      | Noticed an ogre
  3701 | D:4      | Killed an ogre
  4120 | D:5      | Entered Level 5 of the Dungeon
  4148 | D:5      | Reached skill level 6 in Fighting
  4247 | D:5      | Killed from afar by an orc wizard

Vault maps used:
D:1:      dpeg_arrival_caged_fury
D:2:      serial_corexii_hall, corexii_hall_statues_deadend,
          corexii_hall_statues_t
D:3:      minmay_goblin_kobold_castle, serial_bayou_pond_a, uniq_iyjb
D:4:      first_bread, uniq_robin
D:5:      glass_columns_c

Action                   |  1- 3 |  4- 6 |  7- 9 || total
-------------------------+-------+-------+-------++-------
Melee: War axe           |   126 |   257 |    68 ||   451
  Use: Potion            |     1 |       |     1 ||     2
       Scroll            |       |       |    10 ||    10
  Eat: Chunk             |     1 |     7 |     3 ||    11
